 Dungeon Sprint DCSS version 0.28-a0-401-ge240ad9e29 (webtiles) character file.

Game seed: 9576219275678726923

1551 Sedgwick the Carver (level 9, -1/81 HPs)
             Began as a Human Fighter on Sept 4, 2021.
             Was a Believer of Cheibriados.
             Succumbed to a green ugly thing's poison
             ... in the Dungeon (Sprint IX: "|||||||||||||||||||||||||||||").
             The game lasted 00:10:13 (659 turns).

Sedgwick the Carver (Human Fighter)                  Turns: 659, Time: 00:10:13

Health: -1/81      AC: 10    Str: 25    XL:     9   Next: 12%
Magic:  12/14      EV:  9    Int: 17    God:    Cheibriados [**....]
Gold:   0          SH:  5    Dex: 20    Spells: 8/8 levels left

rFire   . . .      SeeInvis .   n - +2 scimitar (flame)
rCold   . . .      Faith    .   c - +0 buckler
rNeg    . . .      Spirit   .   f - +0 chain mail
rPois   .          Reflect  .   (no helmet)
rElec   .          Harm     .   (no cloak)
rCorr   .          Rampage  .   g - +0 pair of gloves
Will    .....      NoTele   +   (no boots)
Stlth   ..........              (no amulet)
HPRegen 0.23/turn               p - +3 ring of dexterity
MPRegen 0.14/turn               o - +3 ring of intelligence

@: lethally poisoned (-1 -> -58), very slow
A: no striking features
a: Renounce Religion, Bend Time


You were in the Dungeon.
You worshipped Cheibriados.
Cheibriados was pleased with you.
You visited 1 branch

Inventory:

Hand Weapons
 n - a +2 scimitar of flaming (weapon)
Armour
 c - a +0 buckler (worn)
 f - a +0 chain mail (worn)
 g - a +0 pair of gloves (worn)
Jewellery
 o - a +3 ring of intelligence (right hand)
 p - a +3 ring of dexterity (left hand)
Wands
 m - a wand of iceblast (9)
Scrolls
 j - 2 scrolls of blinking
 l - 2 scrolls of amnesia
Potions
 d - a potion of might
 e - 5 potions of curing
 h - 4 potions of magic
 k - a potion of invisibility


   Skills:
 + Level 11.0 Fighting
 * Level 14.0 Long Blades
 - Level 3.0 Armour
 - Level 2.4 Dodging
 - Level 3.0 Shields
 * Level 7.0 Invocations
 + Level 0.1 Evocations


You had 8 spell levels left.
You didn't know any spells.
Your spell library was empty.

Dungeon Overview and Level Annotations

Branches:
Dungeon (1/1)

Altars:
Cheibriados
Dithmenos
Elyvilon
Fedhas
Gozag
Hepliaklqana
Kikubaaqudgha
Makhleb
Nemelex Xobeh
Okawaru
Qazlal
Ru
Sif Muna
Trog
Uskayaw
Vehumet
Wu Jian
Xom
Yredelemnul
Zin
The Shining One
Beogh
Jiyva
Lugonu


Message History

You have reached level 9!
Your experience leads to an increase in your attributes!
Your base attributes are Str 19, Int 9, Dex 12.
Increase (S)trength, (I)ntelligence, or (D)exterity?
You feel stronger.
You closely miss the green ugly thing.
Your chain mail prevents you from hitting the green ugly thing.
The green ugly thing bites you!
You hit the green ugly thing. You burn the green ugly thing.
The green ugly thing is lightly wounded.
The green ugly thing bites you.
You are poisoned.
The green ugly thing poisons you!
You slash the green ugly thing! You burn the green ugly thing.
The green ugly thing is moderately wounded.
You feel very sick.
You slash the green ugly thing! You burn the green ugly thing.
The green ugly thing is heavily wounded.
You feel very sick. The green ugly thing bites you!
You slice the green ugly thing!! You burn the green ugly thing.
The green ugly thing is almost dead.
* * * LOW HITPOINT WARNING * * *
You feel very sick.
The green ugly thing bites you but does no damage.
You closely miss the green ugly thing.
The green ugly thing is almost dead.
* * * LOW HITPOINT WARNING * * *
You feel very sick. The green ugly thing bites you.
* * * LOW HITPOINT WARNING * * *
You are more poisoned.
The green ugly thing poisons you!
You barely miss the green ugly thing.
The green ugly thing is almost dead.
* * * LOW HITPOINT WARNING * * *
You feel extremely sick.
You hit the green ugly thing. You burn the green ugly thing.
The green ugly thing is almost dead.
You die...

▓.▓
▓.▓
▓c▓
▓J▓
▓9▓
▓c▓
▓u▓
▓@▓
▓.▓
▓.▓
▓.▓
▓.▓
▓[▓
▓'▓
▓.▓
▓.▓


You could see a green ugly thing, a slime creature, 2 centaur warriors and a
gargoyle.

Vanquished Creatures
  A centaur warrior (D)
  A troll (D)
  A yak (D)
  A wraith (D)
  A steam dragon (D)
  An orc warrior (D)
  A phantom (D)
  A gnoll sergeant (D)
  A scorpion (D)
  A gnoll (D)
  A dart slug (D)
  An orc (D)
  An endoplasm (D)
  2 goblins (D)
  A jackal (D)
  A ball python zombie (D)
17 creatures vanquished.

Notes
Turn   | Place    | Note
-------+----------+-------------------------------------------
     0 | D        | Sedgwick the Human Fighter began the quest for the Orb.
     0 | D        | Reached XP level 1. HP: 18/18 MP: 1/1
    22 | D        | Reached XP level 2. HP: 17/26 MP: 2/2
   136 | D        | Noticed a phantom
   136 | D        | Noticed a scorpion
   141 | D        | Reached skill level 5 in Fighting
   141 | D        | Reached skill level 3 in Long Blades
   143 | D        | Killed a scorpion
   144 | D        | Reached skill level 5 in Long Blades
   144 | D        | Reached skill level 1 in Dodging
   144 | D        | Reached XP level 3. HP: 35/35 MP: 3/3
   144 | D        | Reached XP level 4. HP: 41/41 MP: 4/4
   152 | D        | Killed a phantom
   153 | D        | Reached skill level 6 in Long Blades
   153 | D        | Reached XP level 5. HP: 49/49 MP: 5/5
   260 | D        | Found a snail-covered altar of Cheibriados.
   260 | D        | Found a shadowy altar of Dithmenos.
   260 | D        | Found a white marble altar of Elyvilon.
   260 | D        | Found a blossoming altar of Fedhas.
   260 | D        | Found an opulent altar of Gozag.
   261 | D        | Found a hazy altar of Hepliaklqana.
   262 | D        | Found a viscous altar of Jiyva.
   263 | D        | Found an ancient bone altar of Kikubaaqudgha.
   264 | D        | Became a worshipper of Cheibriados the Contemplative
   265 | D        | Found a corrupted altar of Lugonu.
   266 | D        | Found a burning altar of Makhleb.
   267 | D        | Found a sparkling altar of Nemelex Xobeh.
   268 | D        | Found an iron altar of Okawaru.
   269 | D        | Found a stormy altar of Qazlal.
   270 | D        | Found a sacrificial altar of Ru.
   271 | D        | Found a shimmering blue altar of Sif Muna.
   272 | D        | Found a bloodstained altar of Trog.
   273 | D        | Found a hide-covered altar of Uskayaw.
   274 | D        | Found a radiant altar of Vehumet.
   275 | D        | Found an ornate altar of the Wu Jian Council.
   276 | D        | Found a shimmering altar of Xom.
   277 | D        | Found a basalt altar of Yredelemnul.
   278 | D        | Found a glowing silver altar of Zin.
   279 | D        | Found a glowing golden altar of the Shining One.
   331 | D        | Noticed a yak
   331 | D        | Noticed a wraith
   331 | D        | Noticed a troll
   331 | D        | Noticed an orc warrior
   331 | D        | Noticed a steam dragon
   338 | D        | Reached skill level 8 in Long Blades
   338 | D        | Reached XP level 6. HP: 32/57 MP: 6/6
   342 | D        | Killed a steam dragon
   343 | D        | Reached skill level 9 in Long Blades
   346 | D        | HP: 2/59 [orc warrior (3)]
   347 | D        | Killed an orc warrior
   347 | D        | Reached * piety under Cheibriados
   348 | D        | Reached skill level 10 in Long Blades
   348 | D        | Reached XP level 7. HP: 2/65 MP: 6/9
   353 | D        | Killed a troll
   354 | D        | Reached skill level 10 in Fighting
   354 | D        | Reached skill level 11 in Long Blades
   354 | D        | Reached skill level 5 in Invocations
   366 | D        | Killed a wraith
   366 | D        | Reached ** piety under Cheibriados
   367 | D        | Reached skill level 12 in Long Blades
   367 | D        | Reached XP level 8. HP: 18/73 MP: 8/12
   374 | D        | Killed a yak
   641 | D        | Noticed a centaur warrior
   641 | D        | Noticed a slime creature
   641 | D        | Noticed a gargoyle
   641 | D        | Noticed a centaur warrior
   641 | D        | Noticed a green ugly thing
   641 | D        | Noticed a centaur warrior
   650 | D        | Killed a centaur warrior
   651 | D        | Reached skill level 14 in Long Blades
   651 | D        | Reached XP level 9. HP: 56/81 MP: 12/14
   659 | D        | Succumbed to a green ugly thing's poison

Illustrated notes

Levels and vault maps discovered:
D:        linesprint [early_d, line_temple, items_1, d_10, items_2, lair_1,
          lair_end, items_3, orc_1, orc_end, items_4, d_15, swamp_1, shoals_1,
          snake_1, spider_1, d_20, vaults_1, items_5, swamp_end, shoals_end,
          snake_end, spider_end, vaults_end, d_27, items_6, zot_1, zot_end,
          crypt_end, forest_end, elf_end, slime_end, tomb_end, abyss_end,
          pan_hell_end]

Skill      XL: |  1  2  3  4  5  6  7  8 |
---------------+-------------------------+-----
Fighting       | 4 6 8 9 10 11 | 11.0
Long Blades    | 5 6 8 10 12 14 | 14.0
Dodging        | 1 2 |  2.4
Invocations    | 3 5 7 |  7.0
Armour         | |  3.0
Shields        | |  3.0
Evocations     | |  0.1

Action                   |  1- 3 |  4- 6 |  7- 9 || total
-------------------------+-------+-------+-------++-------
Melee: Long sword        |    25 |    11 |       ||    36
       Scimitar          |       |    14 |    42 ||    56
Evoke: Wand              |       |     1 |       ||     1
  Use: Potion            |     1 |       |     3 ||     4
Armor: Scale mail        |     4 |     5 |       ||     9
       Ring mail         |       |     2 |     7 ||     9
       Chain mail        |       |       |    12 ||    12
Dodge: Dodged            |    13 |     8 |    12 ||    33
Block: Buckler           |     3 |     6 |     8 ||    17

Table legend: (Time is in decaauts)
 A = Elapsed time spent in this place.
 B = Non-inter-level travel time spent in this place.
 C = Inter-level travel time spent in this place.
 D = Time resting spent in this place.
 E = Time spent auto-exploring this place.
 F = Levels seen in this place.
 G = Mean time per level.
                   A        B        C        D        E       F      G
               +--------+--------+--------+--------+--------+-----+--------+
         Total |    688 |    688 |      0 |    448 |      0 |   1 |  688.0 |
       Dungeon |    688 |    688 |      0 |    448 |      0 |   1 |  688.0 |
               +--------+--------+--------+--------+--------+-----+--------+

Top non-repeatable levels by time:
       D: 688 daAuts
